 Dungeon Crawl Stone Soup version 0.28-a0-1429-gf3d713df7a (webtiles) character file.

Game seed: 15105133130048101600

550 Gargoyl the Skirmisher (level 7, -4/60 HPs)
             Began as a Gnoll Abyssal Knight on Jan 8, 2022.
             Was a Priest of Lugonu.
             Slain by Dowan (5 damage)
             ... on level 5 of the Dungeon.
             The game lasted 00:05:10 (3742 turns).

Gargoyl the Skirmisher (Gnoll Abyssal Knight)       Turns: 3742, Time: 00:05:11

Health: -4/60      AC:  6    Str: 14    XL:     7   Next: 29%
Magic:  11/11      EV: 11    Int:  9    God:    Lugonu [***...]
Gold:   132        SH:  6    Dex: 13    Spells: 10/10 levels left

rFire   . . .      SeeInvis .   e - +3 long sword (holy)
rCold   . . .      Faith    .   g - +2 buckler
rNeg    . . .      Spirit   .   d - +0 ring mail
rPois   .          Reflect  .   (no helmet)
rElec   .          Harm     .   (no cloak)
rCorr   .          Rampage  .   (no gloves)
Will    .....                   (no boots)
Stlth   +.........              (no amulet)
HPRegen 0.20/turn               (no ring)
MPRegen 0.12/turn               (no ring)

@: lethally poisoned (-4 -> -5), invisible
A: fangs 1, strong nose, distributed training
a: Renounce Religion, Depart the Abyss, Bend Space, Banish


You were on level 5 of the Dungeon.
You worshipped Lugonu.
Lugonu was most pleased with you.
You visited 1 branch of the dungeon, and saw 5 of its levels.
You visited the Abyss 1 time.

You collected 132 gold pieces.

Inventory:

Hand Weapons
 a - a +1 hand axe
 b - a +0 war axe of electrocution
 e - a +3 long sword of holy wrath (weapon)
Armour
 d - a +0 ring mail (worn)
 g - a +2 buckler (worn)
Scrolls
 c - 2 scrolls of identify
 i - 2 scrolls of teleportation {unknown}
Potions
 k - a potion of attraction


   Skills:
 + Level 7.0 Fighting
 + Level 2.3 Short Blades
 + Level 2.3 Long Blades
 + Level 5.2 Axes
 + Level 2.3 Maces & Flails
 + Level 2.3 Polearms
 + Level 2.3 Staves
 + Level 2.3 Slings
 + Level 2.3 Bows
 + Level 2.3 Crossbows
 + Level 2.3 Throwing
 + Level 5.2 Armour
 + Level 3.5 Dodging
 + Level 2.3 Stealth
 + Level 2.3 Shields
 + Level 2.3 Unarmed Combat
 + Level 2.3 Spellcasting
 + Level 1.9 Conjurations
 + Level 1.9 Hexes
 + Level 1.9 Summonings
 + Level 1.9 Necromancy
 + Level 1.9 Translocations
 + Level 1.9 Transmutations
 + Level 1.9 Fire Magic
 + Level 1.9 Ice Magic
 + Level 1.9 Air Magic
 + Level 1.9 Earth Magic
 + Level 1.9 Poison Magic
 + Level 5.3 Invocations
 + Level 2.3 Evocations


You had 10 spell levels left.
You didn't know any spells.
Your spell library was empty.

Dungeon Overview and Level Annotations

Branches:
Dungeon (5/15)
 Temple: D:4-7

Altars:

Shops:
D:2 *

Annotations:
D:4 Grinder, Ijyb
D:5 Dowan


Innate Abilities, Weirdness & Mutations

You have very sharp teeth.
Your uncanny sense of smell can sniff out nearby items.
Your experience applies equally to all skills.


Message History

You kill Duvessa!
Lugonu accepts your kill.
Dowan seems overcome with grief.
Dowan seems to find hidden reserves of power!
Dowan hits you with a +3 dagger of venom.
Your Fighting skill increases to level 7!
You fade into invisibility!
Dowan closely misses you.
Dowan shakes with grief.
Dowan closely misses you.
You strike the helpless Dowan from behind!
You hit Dowan.
Dowan is moderately wounded.
You hit Dowan but do no damage.
Dowan is moderately wounded.
Dowan hits you but does no damage.
You are poisoned.
Dowan casts a spell at you. The shard of ice hits you!!
* * * LOW HITPOINT WARNING * * *
Okay, then.
Magic courses through your body.
* * * LOW HITPOINT WARNING * * *
You feel sick. Dowan casts a spell at you. You block the shard of ice.
Unknown command.
You slash Dowan!
Dowan is severely wounded.
* * * LOW HITPOINT WARNING * * *
You feel sick. Dowan barely misses you. x2
Unknown command.
You barely miss Dowan.
Dowan is severely wounded.
* * * LOW HITPOINT WARNING * * *
You feel sick.
Dowan gestures wildly while chanting.
Dowan blinks!
Dowan hits you with a +3 dagger of venom.
You die...

.#..#
...>
#..#
#..#
#..#
#..#
##.#
#ยง#
#@#
#e#
#.#
#.#
#>#
#.###
#...#
###.#
#.#


You could see Dowan (fast).

Vanquished Creatures
  Duvessa (D:5)
  An ogre (D:5)
  A phantom (D:5)
  A bullfrog zombie (D:4)
  2 bullfrog skeletons (D:4)
  An orc priest (D:3)
  2 hound skeletons (D:4)
  4 adders
  3 gnolls (D:3)
  2 worms
  A dart slug (D:2)
  5 orcs
  4 ball pythons
  11 endoplasms
  2 giant cockroaches
  2 goblins
  7 hobgoblins
  8 jackals
  3 quokkas
  6 bats
  4 frilled lizards
  12 kobolds
  10 rats
93 creatures vanquished.

Vanquished Creatures (others)
  7 toadstools (D:1)
7 creatures vanquished.

Grand Total: 100 creatures vanquished

Notes
Turn   | Place    | Note
-------+----------+-------------------------------------------
     0 | Abyss:1  | Gargoyl the Gnoll Abyssal Knight began the quest for the
                  | Orb.
     0 | Abyss:1  | Reached XP level 1. HP: 23/23 MP: 3/3
     0 | D:1      | Escaped the Abyss
   101 | D:1      | Reached * piety under Lugonu
   268 | D:1      | Reached XP level 2. HP: 27/29 MP: 5/5
   538 | D:1      | Reached XP level 3. HP: 35/35 MP: 6/6
  1269 | D:2      | Found Seuvizoes's Assorted Antiques.
  1445 | D:2      | Reached skill level 1 in Short Blades
  1445 | D:2      | Reached skill level 1 in Long Blades
  1445 | D:2      | Reached skill level 1 in Maces & Flails
  1445 | D:2      | Reached skill level 1 in Polearms
  1445 | D:2      | Reached skill level 1 in Staves
  1445 | D:2      | Reached skill level 1 in Slings
  1445 | D:2      | Reached skill level 1 in Bows
  1445 | D:2      | Reached skill level 1 in Crossbows
  1445 | D:2      | Reached skill level 1 in Throwing
  1445 | D:2      | Reached skill level 1 in Stealth
  1445 | D:2      | Reached skill level 1 in Shields
  1445 | D:2      | Reached skill level 1 in Unarmed Combat
  1445 | D:2      | Reached skill level 1 in Spellcasting
  1445 | D:2      | Reached skill level 1 in Evocations
  1596 | D:2      | Reached ** piety under Lugonu
  1746 | D:2      | Reached XP level 4. HP: 41/41 MP: 7/7
  2413 | D:3      | Reached skill level 1 in Conjurations
  2413 | D:3      | Reached skill level 1 in Hexes
  2413 | D:3      | Reached skill level 1 in Summonings
  2413 | D:3      | Reached skill level 1 in Necromancy
  2413 | D:3      | Reached skill level 1 in Translocations
  2413 | D:3      | Reached skill level 1 in Transmutations
  2413 | D:3      | Reached skill level 1 in Fire Magic
  2413 | D:3      | Reached skill level 1 in Ice Magic
  2413 | D:3      | Reached skill level 1 in Air Magic
  2413 | D:3      | Reached skill level 1 in Earth Magic
  2413 | D:3      | Reached skill level 1 in Poison Magic
  2455 | D:3      | Reached XP level 5. HP: 21/47 MP: 8/8
  2706 | D:3      | Found a faded altar of an unknown god.
  3427 | D:4      | Reached skill level 5 in Invocations
  3427 | D:4      | Reached XP level 6. HP: 50/53 MP: 9/9
  3508 | D:4      | Noticed Ijyb
  3509 | D:4      | Noticed Grinder
  3543 | D:5      | Entered Level 5 of the Dungeon
  3550 | D:5      | Reached skill level 5 in Axes
  3550 | D:5      | Reached skill level 5 in Armour
  3580 | D:5      | Reached *** piety under Lugonu
  3609 | D:5      | Reached XP level 7. HP: 41/59 MP: 10/10
  3719 | D:5      | Noticed Dowan
  3720 | D:5      | Noticed Duvessa
  3736 | D:5      | Killed Duvessa
  3737 | D:5      | Reached skill level 7 in Fighting
  3741 | D:5      | HP: 3/60 [poisoned by Dowan]
  3742 | D:5      | HP: 1/60 [poisoned by Dowan]
  3742 | D:5      | Slain by Dowan

Illustrated notes

Levels and vault maps discovered:
D:1:      nagdon_arrival_double_spiral, layout_loops_ring,
          minmay_small_reverse_x
D:2:      layout_basic, serial_shops, shop, kennysheep_generic_room_15
D:3:      layout_basic, shapermc_ecumenical_altar_pompeii
D:4:      layout_rooms, uniq_grinder, uniq_ijyb, uniq_blork_the_orc,
          uniq_sigmund
D:5:      layout_loops_ring, serial_rivers, chequers_serial_rivers_large_b,
          chequers_serial_rivers_micro_e, chequers_serial_rivers_micro_e,
          chequers_serial_rivers_small_3, chequers_serial_rivers_room_a,
          uniq_crazy_yiuf_cottage, uniq_duvessa

Skill      XL: |  1  2  3  4  5  6  7 |
---------------+----------------------+-----
Short Blades   | 1 2 |  2.3
Long Blades    | 1 2 |  2.3
Maces & Flails | 1 2 |  2.3
Polearms       | 1 2 |  2.3
Staves         | 1 2 |  2.3
Slings         | 1 2 |  2.3
Bows           | 1 2 |  2.3
Crossbows      | 1 2 |  2.3
Throwing       | 1 2 |  2.3
Stealth        | 1 2 |  2.3
Shields        | 1 2 |  2.3
Unarmed Combat | 1 2 |  2.3
Spellcasting   | 1 2 |  2.3
Evocations     | 1 2 |  2.3
Conjurations   | 1 |  1.9
Hexes          | 1 |  1.9
Summonings     | 1 |  1.9
Necromancy     | 1 |  1.9
Translocations | 1 |  1.9
Transmutations | 1 |  1.9
Fire Magic     | 1 |  1.9
Ice Magic      | 1 |  1.9
Air Magic      | 1 |  1.9
Earth Magic    | 1 |  1.9
Poison Magic   | 1 |  1.9
Dodging        | 3 |  3.5
Invocations    | 5 |  5.3
Axes           | 5 |  5.2
Armour         | 5 |  5.2
Fighting       | 7 |  7.0

Action                   |  1- 3 |  4- 6 |  7- 9 || total
-------------------------+-------+-------+-------++-------
Melee: Hand axe          |    50 |       |       ||    50
       Bite              |    11 |    10 |     2 ||    23
       Punch             |     1 |       |       ||     1
       Long sword        |    67 |   135 |    12 ||   214
Invok: Depart the Abyss  |     1 |       |       ||     1
  Use: Scroll            |     4 |     2 |       ||     6
       Potion            |       |     6 |     2 ||     8
 Stab: Invisible         |       |     1 |     1 ||     2
Armor: Leather armour    |    20 |       |       ||    20
       Ring mail         |    32 |    39 |     1 ||    72
Dodge: Dodged            |    96 |   100 |     8 ||   204
Block: Buckler           |    18 |    61 |     4 ||    83

Table legend: (Time is in decaauts)
 A = Elapsed time spent in this place.
 B = Non-inter-level travel time spent in this place.
 C = Inter-level travel time spent in this place.
 D = Time resting spent in this place.
 E = Time spent auto-exploring this place.
 F = Levels seen in this place.
 G = Mean time per level.
                   A        B        C        D        E       F      G
               +--------+--------+--------+--------+--------+-----+--------+
         Total |   3825 |   3714 |    111 |    164 |   2627 |   6 |  637.5 |
       Dungeon |   3825 |   3714 |    111 |    164 |   2627 |   5 |  765.0 |
         Abyss |      0 |      0 |      0 |      0 |      0 |   1 |    0.0 |
               +--------+--------+--------+--------+--------+-----+--------+

Top non-repeatable levels by time:
     D:3: 1233 daAuts
     D:2: 1200 daAuts
     D:1: 889 daAuts
     D:4: 289 daAuts
     D:5: 213 daAuts
